 Dungeon Crawl Stone Soup version 0.24-a0-769-g368c1644f8 (webtiles) character file.

Game seed: 16601665620969883927, levelgen mode: deterministic

96 Erk the Ruffian (level 4, -2/40 HPs)
             Began as a Ghoul Monk on Oct 5, 2019.
             Slain by an ice beast (4 damage)
             ... on level 3 of the Dungeon.
             The game lasted 00:12:10 (1559 turns).

Erk the Ruffian (Ghoul Monk)                        Turns: 1559, Time: 00:12:11

Health: -2/40      AC:  2    Str: 19 (20) XL:     4   Next: 67%
Magic:  3/3        EV: 18    Int:  2 (5)  God:
Gold:   98         SH:  0    Dex: 15 (16) Spells: 3/3 levels left

rFire    + . .     SeeInvis .     - Unarmed
rCold    . . .     Gourm    .   (no shield)
rNeg     + + +     Faith    .   a - +0 robe
rPois    ∞         Spirit   .   (no helmet)
rElec    .         Reflect  .   (no cloak)
rCorr    .         Harm     .   (no gloves)
MR       +....                  (no boots)
Stlth    +++.......             n - amulet of inaccuracy (curse)
HPRegen  0.00/turn              c - ring of fire
MPRegen  0.08/turn              k - ring of protection from magic

@: mighty, agile, rotting
A: rotting body, claws 1, carnivore, cold resistance 1, negative energy
resistance 3, inhibited regeneration, torment resistance, unbreathing
a: no special abilities


You were on level 3 of the Dungeon.
You were not hungry.

You visited 1 branch of the dungeon, and saw 3 of its levels.

You collected 98 gold pieces.

Inventory:

Hand Weapons
 i - a +2 flail of protection
 j - a +1 antimagic dagger
 l - a +0 rapier
Armour
 a - a +0 robe (worn)
 d - a +0 robe
 e - a +0 chain mail
 m - a +0 pair of gloves
Jewellery
 c - a ring of fire (left claw)
 k - a ring of protection from magic (right claw)
 n - a cursed amulet of inaccuracy (around neck)
Comestibles
 b - 7 rations
 f - 7 chunks of flesh


   Skills:
 + Level 4.0 Fighting
 + Level 3.3 Dodging
 + Level 3.4 Stealth
 + Level 4.0 Unarmed Combat


You had 3 spell levels left.
You didn't know any spells.
Your spell library was empty.

Dungeon Overview and Level Annotations

Branches:
Dungeon (3/15)

Altars:


Innate Abilities, Weirdness & Mutations

Your body is rotting away.
You thrive on raw meat.
You are immune to poison.
You have sharp fingernails.
You are carnivorous and can eat meat at any time.
Your flesh is cold resistant. (rC+)
You are immune to negative energy. (rN+++)
You do not regenerate when monsters are visible.
You are immune to unholy pain and torment.
You can survive without breathing.


Message History

The ice beast misses you.
You miss the ice beast. The ice beast hits you. The ice beast freezes you!
You miss the ice beast. You barely miss the ice beast. The ice beast hits you.
The ice beast freezes you.
You feel agile all of a sudden. The ice beast closely misses you.
You feel very mighty all of a sudden. The ice beast misses you.
You miss the ice beast. The ice beast hits you. The ice beast freezes you!
* * * LOW HITPOINT WARNING * * *
You feel better. The ice beast hits you.
* * * LOW HITPOINT WARNING * * *
The ice beast freezes you.
* * * LOW HITPOINT WARNING * * *
You aren't carrying any scrolls.
You scratch the ice beast. Your claw misses the ice beast.
The ice beast is lightly wounded.
The ice beast hits you.
You die...

##......## ##........##
#.%........#
#..........#
#......[...#
#..........#
#..........#
##........#############
#..).%@Y...............
#..........###########.
#..........# #.
#).........# ##
#......<...#
##........## ##......##
......### #.....?#
..###


You could see an ice beast.

Vanquished Creatures
  3 adders
  An ooze (D:2)
  A worm (D:3)
  3 dart slugs
  A leopard gecko (D:1)
  An orc (D:3)
  A ball python (D:3)
  4 giant cockroaches
  4 goblins
  4 hobgoblins
  5 jackals
  A quokka (D:2)
  9 bats
  6 frilled lizards
  5 kobolds
  6 rats
55 creatures vanquished.

Notes
Turn   | Place    | Note
-------+----------+-------------------------------------------
     0 | D:1      | Erk the Ghoul Monk began the quest for the Orb.
     0 | D:1      | Reached XP level 1. HP: 19/19 MP: 0/0
    71 | D:1      | Reached XP level 2. HP: 15/26 MP: 1/1
   435 | D:1      | Reached XP level 3. HP: 29/30 MP: 2/2
   907 | D:2      | Reached XP level 4. HP: 37/40 MP: 3/3
  1505 | D:3      | Noticed an ice beast
  1558 | D:3      | HP: 2/40 [ice beast (5)]
  1559 | D:3      | Slain by an ice beast

Levels and vault maps discovered:
D:1:      lightli_arrival_flooded_house, layout_loops_ring
D:2:      layout_rooms, first_ration, grunt_ministairs_5, minmay_3d_cube
D:3:      layout_rooms, grunt_temple_overflow_diamond

Skill      XL: |  1  2  3  4 |
---------------+-------------+-----
Dodging        | 3 |  3.3
Stealth        | 3 |  3.4
Unarmed Combat | 4 |  4.0
Fighting       | 4 |  4.0

Action                   |  1- 3 |  4- 6 || total
-------------------------+-------+-------++-------
Melee: Unarmed           |    94 |    58 ||   152
  Use: Potion            |     3 |     6 ||     9
       Scroll            |     3 |     1 ||     4
 Stab: Sleeping          |     6 |     4 ||    10
       Distracted        |       |     1 ||     1
  Eat: Chunk             |    13 |     4 ||    17
Armor: Robe              |    22 |     9 ||    31
Dodge: Dodged            |    73 |    46 ||   119

Table legend:
 A = Non-vault XP
 B = Vault XP
 C = Vault XP percentage of total XP
 D = Non-vault monster count
 E = Vault monster count
 F = Vault count percentage of total count
                 A         B        C        D         E       F
            +---------+---------+-------+---------+---------+-------
      Total |     115 |      23 |  16.7 |      50 |       5 |   9.1
            +---------+---------+-------+---------+---------+-------
        D:1 |      41 |       0 |   0.0 |      24 |       0 |   0.0
        D:2 |      40 |      23 |  36.5 |      15 |       5 |  25.0
        D:3 |      34 |       0 |   0.0 |      11 |       0 |   0.0
            +---------+---------+-------+---------+---------+-------
